 Dungeon Crawl Stone Soup version 0.19.1-1-g22dce08 (webtiles) character file.

2928 McKennaii the Zephyrmancer (level 9, -4/53 HPs)
             Began as a High Elf Air Elementalist on Jan 9, 2017.
             Was a Follower of Sif Muna.
             Blown up by Maurice (13 damage)
             ... with a wand of disintegration
             ... on level 9 of the Dungeon.
             The game lasted 00:31:35 (7010 turns).

McKennaii the Zephyrmancer (HEAE)                   Turns: 7010, Time: 00:31:35

Health: -4/53      AC:  6    Str: 10    XL:     9   Next: 50%
Magic:  6/22       EV: 15    Int: 23    God:    Sif Muna [*.....]
Gold:   149        SH:  0    Dex: 16    Spells: 5 memorised, 12 levels left

rFire  . . .     SeeInvis .     L - staff of conjuration
rCold  . . .     Gourm    .     a - +0 robe
rNeg   . . .     Faith    .     (no shield)
rPois  .         Spirit   .     i - +0 helmet
rElec  .         Reflect  .     h - +0 cloak
rCorr  .         Harm     .     m - +0 pair of gloves
MR     .....                    p - +0 pair of boots
Stlth  +++.......               (no amulet)
                                y - +3 ring of strength
                                j - ring of flight

@: repel missiles
A: no striking features
a: Divine Energy, Renounce Religion, Evoke Flight


You were on level 9 of the Dungeon.
You worshipped Sif Muna.
Sif Muna was aware of your devotion.
You were hungry.

You visited 2 branches of the dungeon, and saw 10 of its levels.

You collected 521 gold pieces.
You spent 372 gold pieces at shops.

Inventory:

Hand Weapons
 I - a +0 falchion
Armour
 a - a +0 robe (worn)
 h - a +0 cloak (worn)
 i - a +0 helmet (worn)
 m - a +0 pair of gloves (worn)
 p - a +0 pair of boots (worn)
Magical Staves
 L - an uncursed staff of conjuration (weapon)
Jewellery
 j - a ring of flight (left hand)
 y - a +3 ring of strength (right hand)
 B - an uncursed amulet of guardian spirit {unknown}
 G - a +3 ring of dexterity {unknown}
 M - an uncursed amulet of regeneration {unknown}
Wands
 F - a wand of flame (8/48)
 K - a wand of lightning (9/15)
 O - a wand of random effects (40/48)
Scrolls
 f - 11 scrolls of identify
 k - 7 scrolls of remove curse
 o - 7 scrolls of enchant armour
 q - 2 scrolls of immolation
 r - 7 scrolls of random uselessness {unknown}
 s - 2 scrolls of blinking {unknown}
 C - a scroll of enchant weapon
 E - a scroll of magic mapping {unknown}
 H - 3 scrolls of teleportation {unknown}
 N - a scroll of recharging {unknown}
 P - 2 scrolls of fog {unknown}
Potions
 d - a potion of lignification {unknown}
 e - 2 potions of cancellation {unknown}
 g - 2 potions of mutation {unknown}
 l - a potion of cure mutation {unknown}
 n - a potion of ambrosia
 t - a potion of haste {unknown}
 u - 3 potions of curing
 v - 3 potions of heal wounds
 x - 3 potions of might {unknown}
 z - 2 potions of brilliance {unknown}
 D - a potion of magic {unknown}
 J - a potion of invisibility {unknown}
 R - a potion of degeneration
Books
 b - a book of Air

   Spells                             Type                      Level
   a - Shock                          Conjuration/Air              1
   b - Swiftness                      Charms/Air                   2
   c - Repel Missiles                 Charms/Air                   2
   d - Static Discharge               Conjuration/Air              3
   e - Lightning Bolt                 Conjuration/Air              5
Comestibles
 c - 7 bread rations
 w - 3 meat rations
 A - 4 fruits
 Q - 6 beef jerkies


   Skills:
 - Level 1.4 Fighting
 + Level 4.7 Dodging
 + Level 3.9 Stealth
 - Level 1.2 Unarmed Combat
 + Level 8.7 Spellcasting
 + Level 6.8 Conjurations
 + Level 9.0 Air Magic
 - Level 0.2 Evocations


You had 12 spell levels left.
You knew the following spells:

 Your Spells              Type           Power        Failure   Level  Hunger
a - Shock                 Conj/Air       ####         1%          1    None
b - Swiftness             Chrm/Air       ####....     1%          2    None
c - Repel Missiles        Chrm/Air       ####..       1%          2    None
d - Static Discharge      Conj/Air       ######..     1%          3    None
e - Lightning Bolt        Conj/Air       ######....   10%         5    ####...


Dungeon Overview and Level Annotations

Branches:
Dungeon (9/15)             Temple (1/1) D:5
   Lair: D:8-11         Orc: D:9-12

Altars:
Ashenzari
Fedhas
Kikubaaqudgha
Makhleb
Nemelex Xobeh
Okawaru
Ru
Sif Muna
Uskayaw
Vehumet
Xom

Shops:
D:4 ?   D:8 !

Annotations:
D:9 Maurice


Message History

Maurice barely misses you.
Casting: Lightning Bolt
Confirm with . or Enter, or press ? or * to list all spells.
Aiming: Lightning Bolt
Press: ? - help, Shift-Dir - straight line You feel a surge of power!
You hear a mighty clap of thunder!
The bolt of lightning misses Maurice. x2; Maurice zaps a wand.
You are blasted!
Maurice throws a tomahawk.
The tomahawk hits you!
You see here a tomahawk.
Maurice throws a tomahawk.
The tomahawk misses you.
Maurice zaps a wand.
You are blasted!
* * * LOW HITPOINT WARNING * * *
Maurice throws a tomahawk.
The tomahawk hits you.
* * * LOW HITPOINT WARNING * * *
Things that are here:
a tomahawk; an adder corpse
There is a stone staircase leading up here.
Maurice zaps a wand.
You are blasted!
You die...

#...#.(.....#
#####....####
#######.####
#......@...#
#..........#
#.........(#
#..........+
#....(.....#
#....@.....#
#..........#
#........).#
############


You could see Maurice.

Vanquished Creatures
  A hippogriff (D:4)
  Sigmund (D:6)
  The ghost of BogdanSil the Cudgeler, an amateur OgBe of Trog (D:3)
  A sky beast (D:5)
  3 ice beasts (D:7)
  An orc warrior (D:9)
  2 necrophages
  2 phantoms
  2 ogres (D:8)
  A centaur (D:6)
  2 bullfrogs (D:8)
  A scorpion (D:8)
  2 howler monkeys
  2 crimson imps
  A bullfrog zombie (D:5)
  2 hounds
  4 jellies
  2 centaur skeletons
  2 orc priests
  9 orc wizards
  2 bullfrog skeletons
  An iguana (D:4)
  8 worker ants
  A hound zombie (D:5)
  4 gnolls
  6 adders
  A shadow imp (D:6)
  An ooze (D:1)
  An adder skeleton (D:5)
  A worm (D:2)
  15 dart slugs
  4 leopard geckos
  23 orcs
  11 giant cockroaches
  7 hobgoblins
  6 jackals
  7 kobolds
  4 quokkas
  6 bats
  5 frilled lizards
  6 goblins
  A jackal zombie (D:6)
  2 leopard gecko skeletons
  9 rats
174 creatures vanquished.

Notes
Turn   | Place    | Note
-------+----------+-------------------------------------------
     0 | D:1      | McKennaii the High Elf Air Elementalist began the quest for the Orb.
     0 | D:1      | Reached XP level 1. HP: 11/11 MP: 4/4
   252 | D:1      | Reached skill level 4 in Air Magic
   278 | D:1      | Reached XP level 2. HP: 6/17 MP: 0/6
   282 | D:1      | Learned a level 2 spell: Swiftness
   285 | D:1      | Learned a level 2 spell: Repel Missiles
   617 | D:1      | Reached XP level 3. HP: 21/21 MP: 0/7
   953 | D:2      | HP: 1/21 [poisoned by an adder]
  1073 | D:2      | Found a blossoming altar of Fedhas.
  1309 | D:2      | Reached XP level 4. HP: 27/27 MP: 1/9
  1587 | D:3      | Noticed BogdanSil's ghost (amateur OgBe)
  1780 | D:3      | Reached skill level 5 in Air Magic
  2038 | D:3      | Killed BogdanSil's ghost
  2038 | D:3      | Reached skill level 1 in Unarmed Combat
  2038 | D:3      | Reached XP level 5. HP: 25/31 MP: 0/12
  2442 | D:4      | Reached XP level 6. HP: 36/36 MP: 5/13
  2660 | D:4      | Noticed a hippogriff
  2672 | D:4      | Killed a hippogriff
  2672 | D:4      | Reached skill level 5 in Spellcasting
  2672 | D:4      | Reached skill level 6 in Air Magic
  2912 | D:4      | Found Midetofu's Magic Scroll Boutique.
  2918 | D:4      | Reached XP level 7. HP: 41/41 MP: 8/15
  2998 | D:4      | Bought a scroll of enchant armour for 90 gold pieces
  2998 | D:4      | Bought a scroll of remove curse for 36 gold pieces
  2998 | D:4      | Bought a scroll of enchant weapon for 90 gold pieces
  2998 | D:4      | Bought a scroll of immolation for 42 gold pieces
  2998 | D:4      | Bought a scroll of identify for 24 gold pieces
  3604 | D:5      | Entered Level 5 of the Dungeon
  3788 | D:5      | Reached skill level 7 in Air Magic
  3905 | D:5      | Found a radiant altar of Vehumet.
  3918 | D:5      | Reached XP level 8. HP: 39/46 MP: 10/18
  3925 | D:5      | Learned a level 3 spell: Static Discharge
  3931 | D:5      | Learned a level 5 spell: Lightning Bolt
  4474 | D:4      | Reached skill level 5 in Conjurations
  4660 | D:5      | Found a staircase to the Ecumenical Temple.
  4667 | Temple   | Entered the Ecumenical Temple
  4690 | Temple   | Became a worshipper of Sif Muna the Loreminder
  4790 | D:6      | Noticed Sigmund
  4914 | D:6      | You fall through a shaft!
  4993 | D:7      | Reached skill level 1 in Fighting
  5229 | D:7      | Reached skill level 8 in Air Magic
  5393 | D:7      | Reached * piety under Sif Muna
  5474 | D:7      | Reached XP level 9. HP: 51/53 MP: 4/21
  5751 | D:6      | Killed Sigmund
  6015 | D:6      | Found a shimmering altar of Xom.
  6099 | D:6      | Found a faded altar of an unknown god.
  6099 | D:6      | Found a faded altar of an unknown god.
  6104 | D:6      | Found a faded altar of an unknown god.
  6106 | D:6      | Found a faded altar of an unknown god.
  6108 | D:6      | Found a hide-covered altar of Uskayaw.
  6478 | D:8      | Found a burning altar of Makhleb.
  6529 | D:8      | Found a shattered altar of Ashenzari.
  6806 | D:8      | Found Desibb's Distillery.
  6814 | D:8      | Bought a potion of heal wounds for 50 gold pieces
  6814 | D:8      | Bought a potion of curing for 30 gold pieces
  6814 | D:8      | Bought a potion of degeneration for 10 gold pieces
  6950 | D:9      | Reached skill level 9 in Air Magic
  6963 | D:9      | Noticed Maurice
  7010 | D:9      | Blown up by Maurice

Skill      XL: |  1  2  3  4  5  6  7  8  9 |
---------------+----------------------------+-----
Air Magic      | 4 5 6 7 8 9 |  9.0
Spellcasting   | 4 5 6 7 8 |  8.7
Conjurations   | 2 3 4 6 |  6.8
Unarmed Combat | 1 |  1.2
Dodging        | 3 4 |  4.7
Fighting       | 1 |  1.4
Stealth        | 3 |  3.9
Evocations     | |  0.2

Action                   |  1- 3 |  4- 6 |  7- 9 || total
-------------------------+-------+-------+-------++-------
Melee: Unarmed           |    45 |     2 |    37 ||    84
       Punch             |       |       |     1 ||     1
       Falchion          |       |       |     6 ||     6
       Staff             |       |       |     3 ||     3
 Cast: Shock             |    82 |   127 |   282 ||   491
       Repel Missiles    |     1 |       |     1 ||     2
       Lightning Bolt    |       |       |     3 ||     3
Evoke: Wand              |       |       |     6 ||     6
  Use: Potion            |     1 |       |       ||     1
       Scroll            |       |       |     1 ||     1
  Eat: Fruit             |       |     3 |    10 ||    13
       Bread ration      |       |     1 |       ||     1
       Beef jerky        |       |       |     2 ||     2
Armor: Robe              |    20 |    18 |    23 ||    61
Dodge: Dodged            |    34 |    30 |    75 ||   139
       Deflected         |     1 |       |     9 ||    10
       Rpst.: Falchion   |       |       |     1 ||     1
